 Dungeon Crawl Stone Soup version 0.29-a0-221-gceb61267dd (webtiles) character file.

Game seed: 12711465336298579557

58405 ReploidZero the Fighter (level 14, -32/69 (80) HPs)
             Began as a Vine Stalker Fighter on Feb 25, 2022.
             Was a High Priest of Ru.
             Annihilated by an enormous slime creature (55 damage)
             ... on level 12 of the Dungeon on Feb 26, 2022.
             The game lasted 00:59:16 (19975 turns).

ReploidZero the Fighter (Vine Stalker Fighter)     Turns: 19975, Time: 00:59:16

HP:   -32/69 (80)   AC: 24    Str: 29    XL:     14   Next: 90%
MP:   0/15          EV:  8    Int: 12    God:    Ru [*****.]
Gold: 1525          SH:  6    Dex: 15    Spells: 13/13 levels left

rFire   + . .      SeeInvis +   A - +8 trident of the Octopus King {venom, rElec rPois}
rCold   + . .      Faith    .   c - +0 buckler
rNeg    + + .      Spirit   +   J - +1 chain mail of Eternal Vigilance {rCorr}
rPois   +          Reflect  .   t - +2 helmet
rElec   +          Harm     .   B - +0 cloak
rCorr   +          Rampage  .   k - +1 pair of gloves
Will    +....                   v - +2 pair of boots of the Thunderstorm {rC+ rN++ Int+4}
Stlth   ..........              I - amulet of regeneration
HPRegen 1.81/turn               l - ring "Caturoki" {Fly Will+ Str+6}
MPRegen 0.14/turn               F - ring of see invisible

@: exhausted, flying, hasted, heavily drained, very quick
A: fangs 3, regeneration 1, magic shield, antimagic bite, no potion heal 2,
hated by all, inability to train dodging, weak-willed 1, talons 2, fire
resistance 1
a: Renounce Religion, Draw Out Power, Power Leap, Apocalypse


You were on level 12 of the Dungeon.
You worshipped Ru.
Ru was extremely pleased with you.
You visited 3 branches of the dungeon, and saw 19 of its levels.

You collected 1525 gold pieces.

Inventory:

Hand Weapons
 a - a +1 flail of venom
 A - the +8 trident of the Octopus King (weapon) {venom, rElec rPois}
   (You found it on level 1 of the Lair of Beasts)

   It poisons the flesh of those it strikes.
   rElec:     It insulates you from electricity.
   rPois:     It protects you from poison.
Missiles
 s - 18 poisoned darts
 u - 2 throwing nets
 L - 6 curare-tipped darts (quivered)
Armour
 c - a +0 buckler (worn)
 k - a +1 pair of gloves (worn)
 t - a +2 helmet (worn)
 v - the +2 pair of boots of the Thunderstorm (worn) {rC+ rN++ Int+4}
   (You found it on level 2 of the Lair of Beasts)

   Int:       It affects your intelligence (+4).
   rC:        It protects you from cold.
   rN:        It greatly protects you from negative energy.
 B - a +0 cloak (worn)
 J - the +1 chain mail of Eternal Vigilance (worn) {rCorr}
   (You found it on level 6 of the Lair of Beasts)

   rCorr:     It protects you from acid and corrosion.
Jewellery
 l - the ring "Caturoki" (left hand) {Fly Will+ Str+6}
   (You found it on level 2 of the Dungeon)

   [ring of flight]

   Str:       It affects your strength (+6).
   Fly:       It grants you flight.
   Will:      It increases your willpower.
 y - a ring of wizardry
 D - a ring of positive energy
 F - a ring of see invisible (right hand)
 I - an amulet of regeneration (around neck)
 O - a ring of protection from cold
Wands
 m - a wand of polymorph (16)
 n - a wand of flame (30)
 C - a wand of iceblast (4)
 G - a wand of paralysis (10)
 P - a wand of mindburst (7)
Scrolls
 b - a scroll of enchant armour
 f - 6 scrolls of fear
 o - 5 scrolls of enchant weapon
 q - 7 scrolls of teleportation
 r - 2 scrolls of fog
 x - 4 scrolls of identify
 z - a scroll of magic mapping
 M - a scroll of immolation
Potions
 d - 2 potions of lignification
 e - 5 potions of curing
 g - 3 potions of brilliance
 h - 2 potions of cancellation
 i - 3 potions of invisibility
 j - 4 potions of attraction
 p - 5 potions of flight
 H - 3 potions of heal wounds
 K - 4 potions of mutation
 N - a potion of resistance {unknown}
Miscellaneous
 E - a condenser vane


   Skills:
 + Level 12.3 Fighting
 + Level 12.0 Maces & Flails
 + Level 11.3 Armour
   Level 0.0 Dodging
 + Level 9.7 Shields


You had 13 spell levels left.
You didn't know any spells.
Your spell library contained the following spells:

 Spells                   Type           Power      Damage    Failure   Level
 Slow                     Hex            0%         N/A       83%         1
 Corpse Rot               Necr/Air       0%         N/A       93%         2
 Poisonous Vapours        Pois/Air       0%         N/A       93%         2
 Sublimation of Blood     Necr           0%         N/A       93%         2
 Wereblood                Tmut           0%         N/A       93%         2
 Confusing Touch          Hex            0%         N/A       99%         3
 Conjure Flame            Conj/Fire      0%         6-21      99%         3
 Frozen Ramparts          Ice            0%         1d2       99%         3
 Ignite Poison            Fire/Tmut/Pois 0%         N/A       99%         3
 Stone Arrow              Conj/Erth      0%         3d7       99%         3
 Vampiric Draining        Necr           0%         2d6       99%         3
 Ice Form                 Ice/Tmut       0%         N/A       100%        4
 Sticky Flame             Conj/Fire      0%         2d3       100%        4
 Storm Form               Tmut/Air       0%         N/A       100%        7
 Lehudib's Crystal Spear  Conj/Erth      0%         10d2      100%        8
 Animate Armour           Summ/Erth      Unusable   N/A       N/A         4
 Summon Ice Beast         Ice/Summ       Unusable   N/A       N/A         4
 Summon Lightning Spire   Summ/Air       Unusable   N/A       N/A         4
 Summon Hydra             Summ           Unusable   N/A       N/A         7

Dungeon Overview and Level Annotations

Branches:
Dungeon (12/15)            Temple (1/1) D:4            Lair (6/6) D:10
  Swamp (0/4) Lair:3        Snake (0/4) Lair:2        Slime (0/5) Lair:5
    Orc (0/2) D:11

Altars:
Ashenzari
Cheibriados
Dithmenos
Elyvilon
Fedhas
Gozag
Hepliaklqana
Kikubaaqudgha
Makhleb
Nemelex Xobeh
Okawaru
Qazlal
Ru
Sif Muna
Trog
Uskayaw
Vehumet
Wu Jian
Xom
Yredelemnul
Zin
The Shining One

Shops:
D:10 [

Portals:
Trove: D:11 (give +7 demon blade)

Annotations:
D:10 2 transporters, Cecur's ghost, journeyman DsFE
Lair:5 exclusion: 2 oklob plants


Innate Abilities, Weirdness & Mutations

You have razor-sharp teeth.
Your natural rate of healing is unusually fast.
When hurt, damage is shared between your health and your magic reserves.
Your bite disrupts and absorbs the magic of your enemies.
Potions cannot restore your health.
You are hated by all.
You cannot train Dodging skill.
You are slightly weak-willed. (Will-)
You have razor-sharp toenails.
Your flesh is heat resistant. (rF+)


Message History

The enormous slime creature hits you!!!!
Ouch! That really hurt!
* * * LOW HITPOINT WARNING * * *
Unknown command.
Okay, then.
Okay, then.
Okay, then.
Okay, then.
Okay, then.
Okay, then.
Okay, then.
There is an open door here.
Aiming: Paralyse
Press: ? - help, Shift-Dir - straight line, f - enormous slime creature
Aim: an enormous slime creature (heavily wounded, poisoned, chance to affect: 31%)
Okay, then.
Unknown command.
Unknown command.
Okay, then.
Okay, then.
Unknown command.
Reach: A) +8 trident of the Octopus King {venom, rElec rPois}
Press: ? - help, Dir - move target, f - enormous slime creature
Aim: an enormous slime creature (heavily wounded, poisoned, about 13% to evade the +8 trident of the Octopus King)
Okay, then.
Okay, then.
Okay, then.
Unknown command.
Unknown command.
Unknown command.
Unknown command.
Unknown command.
Reach: A) +8 trident of the Octopus King {venom, rElec rPois}
Press: ? - help, Dir - move target, f - enormous slime creature
Aim: an enormous slime creature (heavily wounded, poisoned, about 13% to evade the +8 trident of the Octopus King)
Okay, then.
Unknown command.
You feel yourself speed up. The enormous slime creature hits you!!!
Ouch! That really hurt!
You die...

###################
#.....'............
#.....#............
#.@J..#............
#.....#............
#....##............
#######............
#.............
########...##.
#...### #......
#......


You could see an enormous slime creature (poisoned).

Vanquished Creatures
  Gastronok (D:8)
  The ghost of iguanaiguana the Geomancer, a journeyman PaWr of Cheibriados (Lair:1)
  3 hydras
  2 boulder beetles
  A catoblepas (Lair:2)
  An ogre mage (D:11)
  12 two-headed ogres
  8 death yaks
  A bog body (Lair:3)
  Pikel (D:8)
  A lindwurm (Lair:6)
  Joseph (D:9)
  A manticore (D:12)
  Maurice (D:10)
  14 elephants
  A black mamba (Lair:4)
  9 cane toads
  2 torpor snails
  2 unseen horrors (D:12)
  5 rime drakes
  7 komodo dragons
  2 trolls
  4 polar bears (Lair:6)
  2 hornets (Lair:6)
  10 blink frogs
  2 slime creatures (D:12)
  3 dream sheep (Lair:6)
  A shadow (D:9)
  A wraith (D:7)
  12 spriggans (Lair:6)
  65 yaks
  A vampire (D:11)
  5 basilisks
  5 wyverns
  4 steam dragons
  5 vampire mosquitoes (D:12)
  Menkaure (D:6)
  11 water moccasins
  4 orc warriors
  3 black bears (Lair:6)
  2 ice beasts
  3 sky beasts
  4 ogres
  A necrophage (D:5)
  33 wolves
  5 boggarts (Lair:6)
  9 centaurs
  A phantom (D:5)
  A lemure (D:7)
  A kobold brigand (D:10)
  13 bullfrogs
  A gnoll sergeant (D:12)
  2 scorpions (D:5)
  4 killer bees (D:8)
  4 wights (D:8)
  5 howler monkeys
  An electric eel (Lair:5)
  3 hounds
  A gnoll shaman (D:6)
  8 orc priests
  2 jellies (D:7)
  6 iguanas
  Ijyb (D:3)
  Terence (D:3)
  2 hell rats (Lair:3)
  8 orc wizards
  Robin (D:3)
  13 adders
  15 gnolls
  10 river rats (Lair:3)
  3 white imps
  2 ufetubi
  2 dart slugs
  26 orcs
  7 endoplasms
  4 giant cockroaches
  6 hobgoblins
  4 jackals (D:1)
  8 kobolds
  4 quokkas
  5 ball pythons
  2 frilled lizards (D:1)
  15 goblins
  11 rats
476 creatures vanquished.

Vanquished Creatures (others)
  A wraith (D:12)
  A water moccasin (Lair:4)
  2 bushes
  38 fungi
  53 plants
95 creatures vanquished.

Grand Total: 571 creatures vanquished

Notes
Turn   | Place    | Note
-------+----------+-------------------------------------------
     0 | D:1      | ReploidZero the Vine Stalker Fighter began the quest for
                  | the Orb.
     0 | D:1      | Reached XP level 1. HP: 11/11 MP: 2/2
   581 | D:1      | Reached XP level 2. HP: 16/16 MP: 3/3
   610 | D:1      | Got the Almanac of the Unstoppable Lives
   654 | D:1      | Found a faded altar of an unknown god.
  1180 | D:1      | Reached XP level 3. HP: 4/20 MP: 1/4
  2351 | D:2      | Gained mutation: Your natural rate of healing is unusually
                  | fast. [Vine Stalker growth]
  2351 | D:2      | Reached XP level 4. HP: 20/24 MP: 5/5
  2486 | D:2      | Identified the ring "Caturoki" {Fly Will+ Str+6}
  3156 | D:3      | Noticed Terence
  3163 | D:3      | Killed Terence
  3164 | D:3      | Reached XP level 5. HP: 17/28 MP: 2/6
  3421 | D:3      | Noticed Ijyb
  3430 | D:3      | Paralysed by Ijyb for 3 turns
  3434 | D:3      | Killed Ijyb
  3556 | D:3      | Noticed Robin
  3575 | D:3      | Killed Robin
  3907 | D:4      | Reached XP level 6. HP: 33/33 MP: 7/7
  3910 | D:4      | Found a staircase to the Ecumenical Temple.
  3959 | D:4      | Noticed an orc warrior
  3981 | Temple   | Entered the Ecumenical Temple
  3998 | Temple   | Killed an orc warrior
  4258 | D:4      | Reached XP level 7. HP: 24/37 MP: 3/8
  4530 | D:5      | Entered Level 5 of the Dungeon
  4804 | D:5      | Noticed a yak
  4862 | D:5      | Gained mutation: You are dopey. (Int -2) [potion of
                  | mutation]
  4862 | D:5      | Gained mutation: You have sharp toenails. [potion of
                  | mutation]
  4917 | D:4      | Lost mutation: You have sharp toenails. [potion of
                  | mutation]
  4917 | D:4      | Lost mutation: You are dopey. (Int -2) [potion of mutation]
  4917 | D:4      | Gained mutation: Your flesh is heat resistant. (rF+)
                  | [potion of mutation]
  4917 | D:4      | Gained mutation: You have sharp toenails. [potion of
                  | mutation]
  4917 | D:4      | Gained mutation: You have razor-sharp toenails. [potion of
                  | mutation]
  5017 | D:5      | Gained mutation: You have razor-sharp teeth. [Vine Stalker
                  | growth]
  5017 | D:5      | Reached XP level 8. HP: 33/41 MP: 7/9
  5413 | D:5      | Reached skill level 5 in Fighting
  5450 | D:5      | Reached skill level 5 in Shields
  5541 | D:5      | Killed a yak
  5953 | D:6      | Reached skill level 5 in Maces & Flails
  5953 | D:6      | Reached skill level 5 in Armour
  6058 | D:6      | Reached XP level 9. HP: 48/48 MP: 10/10
  6118 | D:6      | Noticed Menkaure
  6123 | D:6      | Killed Menkaure
  6596 | D:7      | Reached skill level 1 in Dodging
  6607 | D:7      | Reached XP level 10. HP: 27/53 MP: 11/11
  6798 | D:7      | Found a bloodstained altar of Trog.
  7410 | D:8      | Noticed Gastronok
  7425 | D:8      | Killed Gastronok
  7683 | D:8      | Noticed Pikel
  7752 | D:8      | Killed Pikel
  7753 | D:8      | Reached XP level 11. HP: 58/60 MP: 12/12
  8144 | D:8      | HP: 2/60 [killer bee (4)]
  8602 | D:9      | Found a blossoming altar of Fedhas.
  8603 | D:9      | Found a sacrificial altar of Ru.
  8615 | D:9      | Became a worshipper of Ru the Awakened
  8623 | D:9      | Noticed Joseph
  8636 | D:9      | Killed Joseph
  8877 | D:9      | Noticed a two-headed ogre
  8907 | D:9      | Killed a two-headed ogre
  8944 | D:9      | Found a basalt altar of Yredelemnul.
  9056 | D:9      | Found a broken altar of Ashenzari.
  9562 | D:10     | Entered Level 10 of the Dungeon
  9618 | D:10     | Noticed a two-headed ogre
  9640 | D:10     | Killed a two-headed ogre
  9641 | D:10     | Reached skill level 5 in Dodging
  9720 | D:10     | Noticed Maurice
  9733 | D:10     | Killed Maurice
  9804 | D:10     | Found a staircase to the Lair.
  9825 | D:10     | Gained mutation: You are hated by all. [Ru sacrifice]
  9825 | D:10     | Reached * piety under Ru
  9825 | D:10     | Reached ** piety under Ru
  9901 | D:10     | Found an opulent altar of Gozag.
  9956 | D:10     | Found a transporter.
  9958 | D:10     | Noticed Cecur's ghost (journeyman DsFE)
  9960 | D:10     | Noticed a manticore
  9961 | D:10     | Noticed an ice dragon
  9961 | D:10     | Noticed a moth of wrath
 10023 | D:10     | Found a transporter.
 10440 | D:10     | Reached XP level 12. HP: 51/66 MP: 13/13
 10477 | D:10     | Found Kuiff's Armour Shoppe.
 10496 | D:11     | Noticed a two-headed ogre
 10564 | D:10     | Killed a two-headed ogre
 10629 | D:11     | Found an iron altar of Okawaru.
 10642 | D:11     | Noticed a two-headed ogre
 10643 | D:11     | Noticed a two-headed ogre
 10643 | D:11     | Noticed a two-headed ogre
 10644 | D:11     | Noticed an ogre mage
 10645 | D:11     | Noticed a two-headed ogre
 10688 | D:11     | Noticed a two-headed ogre
 10688 | D:11     | Noticed a two-headed ogre
 10781 | Lair:1   | Entered Level 1 of the Lair of Beasts
 10850 | Lair:1   | You are sucked into a shaft and drop 1 floor!
 10850 | Lair:2   | Found a staircase to the Snake Pit.
 11007 | Lair:2   | Found a runed translucent door.
 11007 | Lair:2   | Found a shimmering altar of Xom.
 11007 | Lair:2   | Noticed iguanaiguana's ghost (journeyman PaWr)
 11057 | Lair:2   | Noticed a catoblepas
 11077 | Lair:2   | Killed a catoblepas
 11148 | Lair:2   | Noticed an eight-headed hydra
 11215 | Lair:1   | Found the +8 trident of the Octopus King {venom, rElec
                  | rPois}
 12126 | Lair:1   | Gained mutation: You are slightly weak-willed. (Will-) [Ru
                  | sacrifice]
 12126 | Lair:1   | Reached *** piety under Ru
 12469 | Lair:2   | Identified the +3 hand axe of the Spider Nest {drain,
                  | Dex+7}
 12574 | Lair:2   | Reached skill level 10 in Fighting
 12824 | Lair:2   | Killed an eight-headed hydra
 12988 | Lair:2   | HP: 3/65 [+1 halberd of chaos (13)]
 13276 | Lair:1   | Killed iguanaiguana's ghost
 13277 | Lair:1   | Upgraded the game from 0.29-a0-219-g0a02b1cf4f to
                  | 0.29-a0-221-gceb61267dd
 13369 | Lair:2   | Identified the +2 pair of boots of the Thunderstorm {rC+
                  | rN++ Int+4}
 13402 | Lair:3   | Found a staircase to the Swamp.
 13635 | Lair:3   | Noticed a death yak
 13636 | Lair:3   | Noticed a death yak
 13637 | Lair:3   | Reached skill level 10 in Maces & Flails
 13638 | Lair:3   | Noticed a death yak
 13639 | Lair:3   | Noticed a death yak
 13640 | Lair:3   | Noticed a death yak
 13681 | Lair:2   | Killed a death yak
 13682 | Lair:2   | Reached XP level 13. HP: 56/72 MP: 10/14
 14249 | Lair:3   | Gained mutation: You cannot train Dodging skill. [Ru
                  | sacrifice]
 14249 | Lair:3   | Reached **** piety under Ru
 14249 | Lair:3   | Reached ***** piety under Ru
 14929 | Lair:4   | Reached skill level 10 in Armour
 16369 | Lair:5   | Reached XP level 14. HP: 47/79 MP: 11/15
 16830 | Lair:5   | Found a staircase to the Slime Pits.
 16863 | Lair:6   | Entered Level 6 of the Lair of Beasts
 17207 | Lair:6   | Identified the +1 chain mail of Eternal Vigilance {rCorr}
 18838 | D:11     | Found a staircase to the Orcish Mines.
 18981 | D:11     | Found a portal to a secret trove of treasure.
 19964 | D:12     | HP: 3/69 [enormous slime creature (66)]
 19975 | D:12     | Annihilated by an enormous slime creature

Illustrated notes

Levels and vault maps discovered:
D:1:      sevenhm_arrival_forest_fort_small_5, layout_basic,
          hellmonk_ecumenical_altar_heavens_door, chequers_serial_rivers_room_b
D:2:      layout_basic, serial_corexii_hall, corexii_hall_statues_s,
          corexii_hall_statues_x, chequers_hall_statues_corner_a,
          chequers_hall_statues_corner_a
D:3:      layout_loops_ring, uniq_ijyb, uniq_terence, uniq_robin
D:4:      layout_rooms, minmay_temple_entry_ruins, minmay_starry_boxes
D:5:      kennysheep_steamy, layout_basic, minmay_diced_spiral
D:6:      layout_rooms, uniq_menkaure
D:7:      layout_loops_ring, mainiacjoe_overflow_cross_hatched,
          grunt_ministairs_15, minmay_misc_feat_hallway
D:8:      layout_basic, serial_corexii_hall, corexii_hall_statues_l,
          corexii_hall_statues_i, uniq_gastronok, uniq_pikel
D:9:      layout_basic, marbit_many_paths, old_standard_altar,
          mainiacjoe_overflow_catwalk_spiral, st_stairs_7,
          minmay_misc_feat_tiny, uniq_joseph
D:10:     layout_long_grid, nicolae_gozag_cash_rules_everything_around_me,
          david_lair_generic, serial_shops, kennysheep_little_box,
          gammafunk_ghost_berserking_beasts, minivault_23, uniq_maurice
D:11:     layout_cave_pools, orc_0_dummy, trove_entry_hex_spiral,
          okawaru_trees_2
D:12:     layout_gridville, minmay_misc_feat_columns, st_stairs_14
Temple:   nicolae_temple_x_marks_the_god
Lair:1:   layout_layer_cave
Lair:2:   layout_cellular_growth, dummy_snake_entry, ebering_ghost_xom
Lair:3:   layout_regular_city, skrybe_swamp_entry_bodies, kennysheep_rathole,
          lemuel_fruit_tree
Lair:4:   layout_cave_pods, grunt_megastairs_3
Lair:5:   layout_loops_ring, minmay_slime_entry_oklob_enclosed,
          cheibrodos_lair_caveside_slide, infiniplex_staircase_pool
Lair:6:   minmay_lair_end_enchanted_forest, layout_regular_city,
          lemuel_fruit_fields

Skill      XL: |  1  2  3  4  5  6  7  8  9 10 11 12 13 14 |
---------------+-------------------------------------------+-----
Maces & Flails | 2 3 4 5 6 7 8 10 11 12 | 12.0
Fighting       | 3 4 5 6 8 9 10 11 12 | 12.3
Shields        | 3 4 5 6 8 9 |  9.7
Armour         | 3 4 5 6 7 8 9 10 11 | 11.3
Dodging        | 1 3 5 7 0 |  0.0

Action                   |  1- 3 |  4- 6 |  7- 9 | 10-12 | 13-15 || total
-------------------------+-------+-------+-------+-------+-------++-------
Melee: Flail             |   119 |   144 |   213 |   369 |     1 ||   846
       Bite              |    17 |    35 |    81 |   190 |   272 ||   595
       Kick              |       |       |    48 |   155 |       ||   203
       Trident           |       |       |       |   145 |   732 ||   877
Throw: Dart              |       |       |       |    22 |     3 ||    25
Invok: Sacrifice Love    |       |       |       |     1 |       ||     1
       Sacrifice Essence |       |       |       |     1 |       ||     1
       Draw Out Power    |       |       |       |       |     2 ||     2
       Power Leap        |       |       |       |       |     1 ||     1
       Sacrifice Nimblen |       |       |       |       |     1 ||     1
       Apocalypse        |       |       |       |       |     3 ||     3
       Reject Sacrifices |       |       |       |       |     1 ||     1
Evoke: Wand              |       |       |       |    11 |     6 ||    17
  Use: Scroll            |       |     5 |     7 |    14 |     3 ||    29
       Potion            |       |     1 |     2 |     6 |     1 ||    10
 Stab: Distracted        |       |       |       |     2 |     2 ||     4
       Invisible         |       |       |       |     1 |     2 ||     3
       Petrified         |       |       |       |       |     1 ||     1
       Paralysed         |       |       |       |       |     7 ||     7
Armor: Scale mail        |    54 |    80 |   116 |   223 |   216 ||   689
       Skin              |       |       |       |     6 |       ||     6
       Chain mail        |       |       |       |       |   219 ||   219
Dodge: Dodged            |    54 |    68 |    89 |   312 |   326 ||   849
Block: Buckler           |    22 |    27 |    62 |   172 |   241 ||   524

Table legend: (Time is in decaauts)
 A = Elapsed time spent in this place.
 B = Non-inter-level travel time spent in this place.
 C = Inter-level travel time spent in this place.
 D = Time resting spent in this place.
 E = Time spent auto-exploring this place.
 F = Levels seen in this place.
 G = Mean time per level.
                   A        B        C        D        E       F      G
               +--------+--------+--------+--------+--------+-----+--------+
         Total |  20391 |  18952 |   1439 |      0 |  14369 |  19 | 1073.2 |
       Dungeon |  12537 |  11562 |    975 |      0 |   8998 |  12 | 1044.8 |
        Temple |    123 |    122 |      1 |      0 |     90 |   1 |  123.0 |
          Lair |   7730 |   7267 |    463 |      0 |   5281 |   6 | 1288.3 |
               +--------+--------+--------+--------+--------+-----+--------+

Top non-repeatable levels by time:
     D:2: 1622 daAuts
     D:1: 1501 daAuts
  Lair:1: 1451 daAuts
    D:10: 1424 daAuts
  Lair:6: 1414 daAuts
  Lair:4: 1358 daAuts
  Lair:2: 1315 daAuts
     D:8: 1197 daAuts
  Lair:3: 1183 daAuts
     D:9: 1166 daAuts
     D:5: 1157 daAuts
     D:3: 1091 daAuts
  Lair:5: 1006 daAuts
    D:11: 821 daAuts
     D:7: 819 daAuts
